 Dungeon Crawl Stone Soup version 0.17-a0-1939-ga475588 (webtiles) character file.

18 derrpe the Sneak (level 2, -4/19 HPs)
             Began as a Vampire Enchanter on Sept 29, 2015.
             Slain by a goblin
             ... wielding a +0 club
              (5 damage)
             ... on level 1 of the Dungeon.
             The game lasted 00:01:37 (929 turns).

derrpe the Sneak (Vampire Enchanter)                 Turns: 929, Time: 00:01:38

Health: -4/19      AC:  3    Str:  7    XL:     2   Next: 51%
Magic:  0/5        EV: 12    Int: 17    God:
Gold:   12         SH:  0    Dex: 14    Spells: 2 memorised, 2 levels left

rFire  . . .     SeeInvis +     a - +1 dagger
rCold  . . .     Clarity  .     b - +1 robe
rNeg   + . .     SustAt   .     (no shield)
rPois  .         Gourm    .     (no helmet)
rElec  .         Spirit   .     (no cloak)
rCorr  .         Warding  .     (no gloves)
rMut   .         Stasis   .     (no boots)
MR     .....                    (no amulet)
Stlth  +++.......               (no ring)
                                (no ring)

@: not resistant to hostile enchantments, fairly stealthy
A: fangs 3, see invisible, unbreathing
a: no special abilities


You were on level 1 of the Dungeon.
You were not thirsty.

You visited 1 branch of the dungeon, and saw 1 of its levels.

You collected 12 gold pieces.

Inventory:

Hand weapons
 a - a +1 dagger (weapon)
Armour
 b - a +1 robe (worn)
Scrolls
 f - a scroll of teleportation {unknown}
 j - a scroll of blinking {unknown}
Potions
 d - 9 potions of blood {@q1}
 e - a potion of agility {unknown}
 g - a potion of degeneration {unknown}
 h - 3 potions of curing {unknown}
 i - a potion of magic {unknown}
Books
 c - a book of Maledictions

   Spells                             Type                      Level
   a - Corona                         Hexes                        1
   b - Ensorcelled Hibernation        Hexes/Ice                    2
   c - Confuse                        Hexes                        3
   d - Tukima's Dance                 Hexes                        3
   e - Dazzling Spray                 Conjuration/Hexes            3


   Skills:
 - Level 1.1 Short Blades
 - Level 2.1 Dodging
 + Level 5.3 Stealth
 - Level 2.0 Spellcasting
 + Level 5.0 Hexes
 + Level 0.0 Ice Magic


You had 2 spell levels left.
You knew the following spells:

 Your Spells              Type           Power        Failure   Level  Hunger
a - Corona                Hex            ###....      2%          1    #......
b - Ensorcelled Hibernat  Hex/Ice        ##....       12%         2    ###....


Dungeon Overview and Level Annotations

Branches:
Dungeon (1/15)

Altars:


Innate Abilities, Weirdness & Mutations

You have razor-sharp teeth.
You have supernaturally acute eyesight.
You can survive without breathing.


Message History

The giant cockroach looks drowsy...
The helpless giant cockroach fails to defend itself.
You puncture the giant cockroach!
You kill the giant cockroach!
Your Hexes skill increases to level 5!
Casting: Ensorcelled Hibernation
Confirm with . or Enter, or press ? or * to list all spells.
Aiming: Ensorcelled Hibernation
Press: ? - help, Shift-Dir - straight line, f - goblin
Aim: a goblin, wielding a club and wearing a ring mail (chance to defeat MR: 79%)
The goblin resists with significant effort.
The goblin hits you with a club.
* * * LOW HITPOINT WARNING * * *
Casting: Ensorcelled Hibernation
Confirm with . or Enter, or press ? or * to list all spells.
Aiming: Corona
Press: ? - help, Shift-Dir - straight line, f/p - goblin
Aim: a goblin, wielding a club and wearing a ring mail (chance to defeat MR: 86%)
The goblin is outlined in light.
The goblin hits you with a club.
You die...

#.)....#....#####
#.#
#......#.......##
#.#
#......#.......##
.... #.#
#......###.....#
.... #.# #......#
#.....# ..... #.#
#......# #.....##
..... #.#
#.###### #.......
......###.####.#
##......
......#..((Kg@.#
#......
...........#####
#......
###.......#
#...... #.......#
####......
#.......#
#.........
#.......#
#.........
...##'####
#......... #...
#.# #.........
#.. #.#
#.........


You could see a goblin and a kobold.

Vanquished Creatures
  An ooze (D:1)
  5 bats (D:1)
  A hobgoblin (D:1)
  2 kobolds (D:1)
  A ball python (D:1)
  A giant cockroach (D:1)
  2 giant newts (D:1)
  A goblin (D:1)
14 creatures vanquished.

Notes
Turn   | Place    | Note
--------------------------------------------------------------
     0 | D:1      | derrpe the Vampire Enchanter began the quest for the Orb.
     0 | D:1      | Reached XP level 1. HP: 13/13 MP: 3/3
   245 | D:1      | Reached XP level 2. HP: 10/19 MP: 3/5
   484 | D:1      | Reached skill level 5 in Stealth
   641 | D:1      | Learned a level 2 spell: Ensorcelled Hibernation
   927 | D:1      | Reached skill level 5 in Hexes
   929 | D:1      | Slain by a goblin

Vault maps used:
D:1:      minmay_arrival_wavy_path

Action                   || total
-------------------------++-------
Melee: Dagger            ||    58
 Cast: Corona            ||     2
       Ensorcelled Hiber ||     2
 Stab: Sleeping          ||     1
